 Dungeon Crawl Stone Soup version 0.28-a0-1080-g05a166d0ed (webtiles) character file.

Game seed: 297194217295562403

264 mcbry74 the Slasher (level 6, 0/51 HPs)
             Began as a Hill Orc Fighter on Dec 9, 2021.
             Was an Initiate of Makhleb.
             Slain by a gnoll (9 damage)
             ... on level 4 of the Dungeon.
             The game lasted 00:06:07 (4391 turns).

mcbry74 the Slasher (Hill Orc Fighter)              Turns: 4391, Time: 00:06:08

Health: 0/51       AC:  8    Str: 19    XL:     6   Next: 19%
Magic:  6/6        EV:  9    Int: 10    God:    Makhleb [......]
Gold:   182        SH:  4    Dex: 10    Spells: 5/5 levels left

rFire   . . .      SeeInvis .   a - +0 long sword
rCold   . . .      Faith    .   c - +0 buckler
rNeg    . . .      Spirit   .   b - +0 scale mail
rPois   .          Reflect  .   (no helmet)
rElec   .          Harm     .   e - scarf {shadows}
rCorr   .          Rampage  .   (no gloves)
Will    .....                   x - +0 pair of boots
Stlth   ..........              (no amulet)
HPRegen 0.17/turn               (no ring)
MPRegen 0.10/turn               (no ring)

@: no status effects
A: no striking features
a: Renounce Religion


You were on level 4 of the Dungeon.
You worshipped Makhleb.
Makhleb was noncommittal.
You visited 2 branches of the dungeon, and saw 6 of its levels.

You collected 182 gold pieces.

Inventory:

Hand Weapons
 a - a +0 long sword (weapon)
Missiles
 i - 27 sling bullets
 k - 73 stones (quivered)
Armour
 b - a +0 scale mail (worn)
 c - a +0 buckler (worn)
 e - a scarf of shadows (worn)
 x - a +0 pair of boots (worn)
Scrolls
 f - 2 scrolls of blinking {unknown}
 g - a scroll of noise {unknown}
 m - 2 scrolls of brand weapon {unknown}
 n - 5 scrolls of identify {unknown}
 p - a scroll of magic mapping {unknown}
 q - 2 scrolls of fog {unknown}
 s - 3 scrolls of teleportation {unknown}
 t - a scroll of enchant weapon {unknown}
 v - a scroll of acquirement {unknown}
 w - a scroll of amnesia {unknown}
Potions
 d - a potion of might
 h - 2 potions of curing {unknown}
 j - 2 potions of haste {unknown}
 l - a potion of ambrosia {unknown}
 o - a potion of attraction {unknown}
 r - 2 potions of heal wounds {unknown}
 u - a potion of brilliance {unknown}
 z - a potion of cancellation {unknown}
 A - a potion of degeneration {unknown}


   Skills:
 - Level 3.6 Fighting
 + Level 6.8 Long Blades
 - Level 3.2 Armour
 - Level 0.6 Dodging
 - Level 3.2 Shields


You had 5 spell levels left.
You didn't know any spells.
Your spell library was empty.

Dungeon Overview and Level Annotations

Branches:
Dungeon (5/15)             Temple (1/1) D:4

Altars:
Ashenzari
Cheibriados
Dithmenos
Elyvilon
Fedhas
Gozag
Kikubaaqudgha
Makhleb
Nemelex Xobeh
Qazlal
Ru
Sif Muna
Uskayaw
Wu Jian
Xom
Zin
The Shining One


Message History

a +0 spear; a +0 ring mail Done exploring.
Done exploring.
Done exploring.
Done exploring.
There is a stone staircase leading up here.
You can't go down here!
You climb upwards.
There is a stone staircase leading down here.
You climb downwards.
There is a stone staircase leading up here.
There is a stone staircase leading down, spattered with blood here.
You climb downwards.
The scorpion zombie hits you but does no damage.
The gnoll hits you with a +0 flail! The gnoll barely misses you.
There is a stone staircase leading up, spattered with blood here.
The scorpion zombie barely misses you. The gnoll hits you with a +0 flail.
The gnoll closely misses you.
You climb upwards.
There is a stone staircase leading down, spattered with blood here.
You closely miss the gnoll. The gnoll hits you with a +0 flail.
The gnoll hits you with a +2 flail of holy wrath.
You barely miss the gnoll. The gnoll hits you with a +0 flail.
The gnoll hits you with a +2 flail of holy wrath.
You hit the gnoll but do no damage. You block the gnoll's attack.
The gnoll hits you with a +2 flail of holy wrath.
* * * LOW HITPOINT WARNING * * *
You hit the gnoll but do no damage. The gnoll hits you with a +0 flail.
* * * LOW HITPOINT WARNING * * *
You block the gnoll's attack.
You hit the gnoll.
The gnoll is moderately wounded.
The gnoll hits you with a +0 flail.
* * * LOW HITPOINT WARNING * * *
The gnoll hits you with a +2 flail of holy wrath.
* * * LOW HITPOINT WARNING * * *
You closely miss the gnoll.
The gnoll is moderately wounded.
The gnoll hits you with a +0 flail!
You die...

...###.....##..#.................
...#.............................
#.........#....##................
##........##...###........≈≈≈≈≈##
##........#...............≈###≈#
.........[.....#..........≈≈≈≈≈##
#........#.....###......##≈≈#≈≈.#
##.#....##.....###.....###≈≈#≈≈..
#.####.........)@#....####≈≈#≈≈..
...####........gg#.######.≈≈≈≈≈..
......##.##.###.<...## #..≈###≈..
.........#...........###..≈≈≈≈≈..
....####......##.......##..###..#
....#.........#...........#####.#
...##...##.#.................#...
.####..##..##....................
..###..###.......................


You could see 2 gnolls.

Vanquished Creatures
  A gnoll sergeant (D:4)
  A water moccasin skeleton (D:3)
  A hound (D:4)
  A gnoll (D:4)
  5 adders
  2 dart slugs (D:1)
  6 ball pythons
  4 endoplasms
  4 giant cockroaches (D:3)
  5 goblins
  6 hobgoblins
  4 jackals (D:2)
  6 quokkas (D:3)
  4 bats
  3 frilled lizards
  6 kobolds
  7 rats
66 creatures vanquished.

Vanquished Creatures (others)
  A fungus (D:3)
  5 plants (D:3)
6 creatures vanquished.

Grand Total: 72 creatures vanquished

Notes
Turn   | Place    | Note
-------+----------+-------------------------------------------
     0 | D:1      | mcbry74 the Hill Orc Fighter began the quest for the Orb.
     0 | D:1      | Reached XP level 1. HP: 19/19 MP: 1/1
   203 | D:1      | Reached skill level 3 in Long Blades
   203 | D:1      | Reached XP level 2. HP: 14/26 MP: 2/2
   797 | D:1      | Reached XP level 3. HP: 31/31 MP: 3/3
  1595 | D:2      | Reached skill level 4 in Long Blades
  1917 | D:2      | Reached XP level 4. HP: 30/39 MP: 4/4
  2201 | D:3      | Reached skill level 5 in Long Blades
  2625 | D:3      | Found a sacrificial altar of Ru.
  2687 | D:3      | Reached XP level 5. HP: 45/45 MP: 5/5
  3098 | D:3      | Found a faded altar of an unknown god.
  3394 | D:4      | Found an opulent altar of Gozag.
  3547 | D:4      | Found a staircase to the Ecumenical Temple.
  3552 | Temple   | Entered the Ecumenical Temple
  3787 | Temple   | Became a worshipper of Makhleb the Destroyer
  3921 | D:4      | Reached skill level 6 in Long Blades
  4095 | D:5      | Entered Level 5 of the Dungeon
  4110 | D:4      | Reached XP level 6. HP: 6/51 MP: 6/6
  4391 | D:4      | Slain by a gnoll

Illustrated notes

Levels and vault maps discovered:
D:1:      mrwooster_arrival_statue_3, layout_loops_cross
D:2:      layout_loops_ring
D:3:      layout_loops_cross, nicolae_ru_the_path_less_chosen,
          dreamdust_ecumenical_altar_grove, gup_sewer_entry_pipe
D:4:      layout_cave_pools, lemuel_doored_altar, temple_doors_e,
          minmay_crystal_water
D:5:      layout_loops_corners, mainiacjoe_overflow_brackets,
          general_overflow_altar, corexii_corridor_pit,
          kennysheep_cluttered_room, uniq_menkaure, uniq_pikel
Temple:   regret_index_temple_generic_petals

Skill      XL: |  1  2  3  4  5 |
---------------+----------------+-----
Long Blades    | 3 4 5 6 |  6.8
Fighting       | |  3.6
Armour         | |  3.2
Dodging        | |  0.6
Shields        | |  3.2

Action                   |  1- 3 |  4- 6 || total
-------------------------+-------+-------++-------
Melee: Long sword        |    98 |   126 ||   224
Armor: Scale mail        |    53 |    59 ||   112
Dodge: Dodged            |    37 |    73 ||   110
Block: Buckler           |    20 |    27 ||    47

Table legend: (Time is in decaauts)
 A = Elapsed time spent in this place.
 B = Non-inter-level travel time spent in this place.
 C = Inter-level travel time spent in this place.
 D = Time resting spent in this place.
 E = Time spent auto-exploring this place.
 F = Levels seen in this place.
 G = Mean time per level.
                   A        B        C        D        E       F      G
               +--------+--------+--------+--------+--------+-----+--------+
         Total |   4443 |   4295 |    148 |    948 |   2697 |   6 |  740.5 |
       Dungeon |   4185 |   4058 |    127 |    948 |   2490 |   5 |  837.0 |
        Temple |    257 |    236 |     21 |      0 |    207 |   1 |  257.0 |
               +--------+--------+--------+--------+--------+-----+--------+

Top non-repeatable levels by time:
     D:2: 1093 daAuts
     D:1: 1070 daAuts
     D:3: 1053 daAuts
     D:4: 963 daAuts
  Temple: 257 daAuts
     D:5: 4 daAuts
